General information
- name: BNet
- type: Ladder 1vs1/FFA
- host: Battle.net
- saver: SunshineRainbow
map: EchoIsles
- players: 2
- length: 09:24
- speed: Fast
- version: 1.24 W3XP
- replay type: Public
» download(31 KB)
Players
team 1 (winner)
SunshineRainbow (
pink | 77 APM | 729 actions | 09:24)
4 Keeper of the Grove
2 Entangling Roots
2 Thorns Aura
2 Priestess of the Moon
1 Trueshot Aura
1 Searing Arrows
» actions
| Assign group hotkey | 15 | |
| Basic commands | 17 | |
| Build / train | 35 | |
| Enter build submenu | 11 | |
| Enter hero's abilities submenu | 6 | |
| Right click | 331 | |
| Select / deselect | 177 | |
| Select group hotkey | 108 | |
| Use ability | 29 | |
729 total
» units
» upgrades
| Ultravision | 1 | |
| Strength of the Moon | 1 | |
| Moon Armor | 1 | |
| Strength of the Wild | 1 | |
| Sentinel | 1 | |
5 total
» buildings
| Altar of Elders | 1 | |
| Moon Well | 3 | |
| Hunter's Hall | 1 | |
| Ancient of War | 1 | |
| Ancient Protector | 1 | |
| Tree of Ages | 1 | |
| Ancient of Wonders | 1 | |
| Ancient of Lore | 1 | |
10 total
» build order
00:11 Altar of Elders
00:17 Moon Well
01:27 Hunter's Hall
01:38 Ancient of War
02:00 Moon Well
03:06 Ancient Protector
04:04 Tree of Ages
04:32 Ancient of Wonders
05:09 Moon Well
06:31 Ancient of Lore
» items
team 2 (loser)
AdK_Blackslayer (
green | 82 APM | 766 actions | 09:22)
2 Dreadlord
1 Vampiric Aura
1 Carrion Swarm
» actions
| Assign group hotkey | 11 | |
| Basic commands | 1 | |
| Build / train | 26 | |
| Enter build submenu | 12 | |
| Enter hero's abilities submenu | 2 | |
| Give item / drop item | 1 | |
| Remove unit from queue | 3 | |
| Right click | 483 | |
| Select / deselect | 128 | |
| Select group hotkey | 80 | |
| Use ability | 19 | |
766 total
» units
| Acolyte | 2 | |
| Ghoul | 13 | |
| Crypt Fiend | 2 | |
| Gargoyle | 1 | |
18 total
» buildings
| Crypt | 2 | |
| Altar of Darkness | 1 | |
| Ziggurat | 3 | |
| Tomb of Relics | 1 | |
| Halls of the Dead | 1 | |
| Graveyard | 1 | |
9 total
» build order
00:02 Crypt
00:10 Altar of Darkness
00:35 Ziggurat
00:59 Tomb of Relics
01:47 Ziggurat
02:31 Crypt
04:16 Halls of the Dead
04:52 Graveyard
05:24 Ziggurat
» items
Chat log
(00:18 / All) AdK_Blackslayer: rattenface was depp
(00:47 / All) AdK_Blackslayer: hi gl gl
(01:01 / All) SunshineRainbow: hurensohn
(01:08 / All) AdK_Blackslayer: wow
(01:28 / All) AdK_Blackslayer: warum ??
(03:50 / All) SunshineRainbow: qq n00b
(04:40 / All) AdK_Blackslayer: y
(07:32 / All) SunshineRainbow: qq n00b
(07:37 / All) AdK_Blackslayer: yop
(07:39 / All) AdK_Blackslayer: ya du depp
(07:44 / All) SunshineRainbow: nein du
(07:51 / All) AdK_Blackslayer: aha du depp
(07:54 / All) AdK_Blackslayer: cih bina cuh einer
(08:42 / All) AdK_Blackslayer: also du scheiß kleienr hurensohn das ist nur funn acc also halte mall die fresse ne
(08:56 / All) SunshineRainbow: ok 1v1 4 real
(09:04 / All) AdK_Blackslayer: nope 16
(09:09 / All) SunshineRainbow: =)))
(09:14 / All) SunshineRainbow: qq n00b
(09:15 / All) AdK_Blackslayer: komm channel 55
(09:17 / All) AdK_Blackslayer: kk
(09:19 / All) SunshineRainbow: kk